 Dungeon Crawl Stone Soup version 0.31-a0-841-g038b102fc3 (webtiles) character file.

Game seed: 6278027584786814127

4 randomguy2701 the Magician (level 1, -1/17 HPs)
             Began as a Gnoll Wanderer on Sept 27, 2023.
             Slain by a quokka (4 damage)
             ... on level 1 of the Dungeon.
             The game lasted 00:00:30 (63 turns).

randomguy2701 the Magician (Gnoll Wanderer)           Turns: 63, Time: 00:00:31

Health: -1/17      AC:  3    Str:  9    XL:     1   Next: 70%
Magic:  8/8        EV: 11    Int:  9    God:
Gold:   0          SH:  0    Dex: 15    Spells: 13/14 levels left

rFire   . . .        a - +0 mace
rCold   . . .        (no shield)
rNeg    . . .        d - +0 robe
rPois   .            b - +0 helmet
rElec   .            (no cloak)
rCorr   .            (no gloves)
SInv    .            (no boots)
Will    .....        (no amulet)
Stlth   ++           (no ring)
HPRegen 0.22/turn    (no ring)
MPRegen 0.11/turn

%: no passive effects
@: no status effects
A: fangs 1, strong nose, distributed training
a: no special abilities


You were on level 1 of the Dungeon.
You visited 1 branch of the dungeon, and saw 1 of its levels.

Inventory:

Hand Weapons
 a - a +0 mace (weapon)
Armour
 b - a +0 helmet (worn)
 d - a +0 robe (worn)
Scrolls
 c - a scroll of teleportation


   Skills:
 + Level 2.4 Fighting
 + Level 0.1 Short Blades
 + Level 0.1 Long Blades
 + Level 0.1 Axes
 + Level 6.4 Maces & Flails
 + Level 0.1 Polearms
 + Level 0.1 Staves
 + Level 0.1 Ranged Weapons
 + Level 0.1 Throwing
 + Level 2.4 Armour
 + Level 0.1 Dodging
 + Level 2.2 Stealth
 + Level 0.1 Shields
 + Level 0.1 Unarmed Combat
 + Level 7.0 Spellcasting
 + Level 0.1 Conjurations
 + Level 0.1 Hexes
 + Level 0.1 Summonings
 + Level 0.1 Necromancy
 + Level 0.1 Translocations
 + Level 0.1 Transmutations
 + Level 0.1 Fire Magic
 + Level 0.1 Ice Magic
 + Level 0.1 Air Magic
 + Level 0.1 Earth Magic
 + Level 0.1 Poison Magic
 + Level 0.2 Invocations
 + Level 0.1 Evocations
 + Level 0.1 Shapeshifting


You had 13 spell levels left.
You knew the following spells:

 Your Spells              Type           Power      Damage    Failure   Level
a - Sting                 Tmut/Pois      12%        1d3       19%         1

Your spell library contained the following spells:

 Spells                   Type           Power      Damage    Failure   Level
 Wereblood                Tmut           3%         N/A       28%         2
 Ignite Poison            Fire/Tmut/Pois 3%         N/A       50%         3
 Teleport Other           Tloc           3%         N/A       50%         3


Dungeon Overview and Level Annotations

Branches:
Dungeon (1/15)

Altars:


Innate Abilities, Weirdness & Mutations

You have very sharp teeth.
Your uncanny sense of smell can sniff out nearby items.
Your experience applies equally to all skills.


Message History

You kill the frilled lizard!
The goblin shouts!
You hear a shout!
You see here a frilled lizard corpse.
There is an open door here.
Why would you want to do that?
You enter the shallow water.
Moving in this stuff is going to be slow.
You close the door.
You start resting.
A goblin opens the door.
It is wielding a +0 club.
The goblin hits you with a +0 club.
A quokka comes into view.
The goblin hits you but does no damage.
There is an open door here.
You barely miss the goblin. The goblin barely misses you.
You closely miss the goblin. You bite the goblin, but do no damage.
The goblin hits you with a +0 club.
You closely miss the goblin. Your bite misses the goblin.
The goblin hits you with a +0 club.
* * * LOW HITPOINT WARNING * * *
You hit the goblin.
The goblin is moderately wounded.
The goblin hits you but does no damage.
You barely miss the goblin.
The goblin is moderately wounded.
The goblin hits you with a +0 club.
* * * LOW HITPOINT WARNING * * *
You barely miss the goblin. You bite the goblin, but do no damage.
The goblin is moderately wounded.
The goblin barely misses you.
You hit the goblin.
You kill the goblin!
You see here a +0 club.
You hit the quokka.
The quokka is almost dead.
The quokka closely misses you.
You barely miss the quokka. Your bite misses the quokka.
The quokka is almost dead.
The quokka bites you.
You die...

.##..>..........
....#..(........
#...#........?..
...............#
......#......#
#...###### ###†#
#r### #.@.#
####'####
#≈≈≈≈~≈≈#
#~#~<~#≈#
#~###~#~#
#~~~~~~#
#~#######


You could see a quokka.

Vanquished Creatures
  2 endoplasms (D:1)
  2 frilled lizards (D:1)
  A goblin (D:1)
5 creatures vanquished.

Notes
Turn   | Place    | Note
-------+----------+-------------------------------------------
     0 | D:1      | randomguy2701 the Gnoll Wanderer began the quest for the
                  | Orb.
     0 | D:1      | randomguy2701 set off with the following items: a +0 mace,
                  | a +0 helmet, a scroll of teleportation, a +0 robe; and the
                  | following spell memorised: Sting; and the following spells
                  | available to memorise: Wereblood, Ignite Poison, Teleport
                  | Other.
     0 | D:1      | Reached XP level 1. HP: 17/17 MP: 8/8
    63 | D:1      | Slain by a quokka

Illustrated notes

Levels and vault maps discovered:
D:1:      ncdulo_wetmaze, layout_rooms, minmay_stone_trees_small

Action                     || total
---------------------------++-------
  Melee: Mace              ||    25
         Bite              ||     4
 Armour: Robe              ||    15
  Dodge: Dodged            ||     7

Table legend: (Time is in decaauts)
 A = Elapsed time spent in this place.
 B = Non-inter-level travel time spent in this place.
 C = Inter-level travel time spent in this place.
 D = Time resting spent in this place.
 E = Time spent auto-exploring this place.
 F = Levels seen in this place.
 G = Mean time per level.
                   A        B        C        D        E       F      G
               +--------+--------+--------+--------+--------+-----+--------+
         Total |     69 |     69 |      0 |      3 |     15 |   1 |   69.0 |
       Dungeon |     69 |     69 |      0 |      3 |     15 |   1 |   69.0 |
               +--------+--------+--------+--------+--------+-----+--------+

Top non-repeatable levels by time:
     D:1: 69 daAuts
